AoeStats
← Vinvinn

Arabia

514144388Analyzed
1v1 RM · 3d ago on Oct 16, 2026· 57m 28s· 2 players
Game mode
Random Map
Map size
Tiny (2 player)
Population
200
Speed
Normal
Resources
Standard
Victory
Conquest
Starting age
Dark Age
Ending age
Imperial Age
RankedLock teamsTeams togetherTeam positionsShared explorationLock speedFull tech treeHidden civsTurbo modeCheats
Victory
Defeat
🇺🇸 Ethiopians · United States
1102
+15
vs
🇦🇷 Mongols · Argentina
1081
-15
Pepi Zapata
3:39 Loom
9:24 Feudal Age
15:48 Castle Age
14:29 Double-Bit Axe
19:42 Horse Collar
20:21 Gold Mining
23:19 Forging
23:15 Heavy Plow
25:15 Wheelbarrow
25:48 Scale Barding Armor
26:22 Bow Saw
28:19 Iron Casting
30:33 Town Watch
31:15 Stone Mining
31:58 Hand Cart
33:57 Stone Shaft Mining
33:35 Fletching
34:21 Padded Archer Armor
35:28 Gold Shaft Mining
35:39 Town Patrol
39:30 Imperial Age
37:37 Ballistics
37:26 Husbandry
37:44 Leather Archer Armor
40:03 Bodkin Arrow
42:03 Chemistry
40:44 Onager
41:34 Thumb Ring
42:04 Elite Skirmisher
43:58 Bodkin Arrow
46:31 Drill
45:49 Siege Onager
47:00 Bracer
48:48 Blast Furnace
49:28 Hoardings
49:16 Bloodlines
49:37 Light Cavalry
52:41 Hussar
53:43 Chain Barding Armor
55:10 Conscription
Vinvinn
8:57 Loom
11:31 Feudal Age
11:57 Double-Bit Axe
12:34 Horse Collar
15:10 Wheelbarrow
16:07 Fletching
22:20 Castle Age
20:49 Scale Mail Armor
21:22 Padded Archer Armor
23:32 Chain Mail Armor
24:04 Bow Saw
24:18 Gold Mining
25:14 Hand Cart
25:09 Bodkin Arrow
24:49 Elite Skirmisher
27:13 Leather Archer Armor
30:19 Forging
31:45 Squires
39:25 Imperial Age
40:10 Bracer
39:34 Crossbowman
40:22 Thumb Ring
41:20 Two-Man Saw
40:53 Arbalester
41:02 Arbalester
42:15 Ring Archer Armor
42:10 Conscription
43:26 Ballistics
46:35 Scale Barding Armor
46:52 Siege Engineers
47:48 Chemistry
48:33 Plate Mail Armor
49:55 Masonry
49:40 Murder Holes
49:56 Fortified Wall
52:26 Torsion Engines
52:30 Halberdier
Connection lost

Rejoining the realm…

Still unreachable

The connection could not be restored.

Session expired

The server has moved on; the page needs a fresh start.